 Dungeon Crawl Stone Soup version 0.21-a0-41-g5e91fef (webtiles) character file.

196 roguesci the Chiller (level 5, -2/42 HPs)
             Began as a Draconian Ice Elementalist on June 3, 2017.
             Killed by nerve-wracking pain
             ... invoked by an orc priest
              (14 damage)
             ... on level 4 of the Dungeon.
             The game lasted 00:09:08 (3221 turns).

roguesci the Chiller (Draconian Ice Elementalist)   Turns: 3221, Time: 00:09:08

Health: -2/42      AC: 11    Str: 11    XL:     5   Next: 46%
Magic:  2/9        EV: 12    Int: 14    God:
Gold:   168        SH:  4    Dex: 13    Spells: 6/10 levels left

rFire    + . .     SeeInvis .   o - +0 short sword (drain)
rCold    + + .     Gourm    .   m - +0 buckler
rNeg     . . .     Faith    .   (armour unavailable)
rPois    .         Spirit   .   (helmet restricted)
rElec    .         Reflect  .   d - scarf {rC+ rF+}
rCorr    .         Harm     .   (no gloves)
MR       .....                  q - +0 pair of boots
Stlth    ++........             (no amulet)
Regen    0.2/turn               i - ring of protection from cold
MPRegen  0.2/turn               (no ring)

@: icy armour, hasted, very quick
A: unfitting armour, agile 1, dopey 1, cold-blooded, AC +5
a: no special abilities


You were on level 4 of the Dungeon.
You were not hungry.

You visited 1 branch of the dungeon, and saw 4 of its levels.

You collected 168 gold pieces.

Inventory:

Hand Weapons
 e - a +1 dagger of holy wrath
 o - a +0 short sword of draining (weapon)
Missiles
 c - 146 stones (quivered)
Armour
 d - a scarf of resistance (worn)
 m - a +0 buckler (worn)
 q - a +0 pair of boots (worn)
Jewellery
 i - a ring of protection from cold (left hand)
 p - a +4 ring of strength {unknown}
Scrolls
 h - 4 scrolls of identify {unknown}
 j - 2 scrolls of amnesia {unknown}
 k - 2 scrolls of magic mapping {unknown}
Potions
 l - a potion of might {unknown}
 n - a potion of brilliance {unknown}
 r - a potion of flight {unknown}
 s - a potion of berserk rage {unknown}
 u - a potion of resistance {unknown}
Books
 a - a book of Frost

   Spells                             Type                      Level
   a - Freeze                         Ice                          1
   b - Throw Frost                    Conjuration/Ice              2
   c - Ozocubu's Armour               Charms/Ice                   3
   d - Throw Icicle                   Conjuration/Ice              4
   e - Summon Ice Beast               Ice/Summoning                4
Comestibles
 b - 3 bread rations
 f - 2 meat rations
 t - a royal jelly
 v - a chunk of flesh


   Skills:
 * Level 2.5 Fighting
 + Level 2.6 Dodging
 + Level 2.3 Stealth
 * Level 1.8 Shields
 * Level 3.0 Spellcasting
   Level 1.0 Conjurations
 + Level 3.6 Ice Magic


You had 6 spell levels left.
You knew the following spells:

 Your Spells              Type           Power        Failure   Level  Hunger
a - Freeze                Ice            ##..         6%          1    #......
b - Ozocubu's Armour      Chrm/Ice       #.......     38%         3    ###....


Dungeon Overview and Level Annotations

Branches:
Dungeon (4/15)
 Temple: D:4-7

Altars:
Ashenzari
Vehumet
Xom
Zin

Shops:
D:4 =


Innate Abilities, Weirdness & Mutations

Your plain brown scales are hard. (AC +5)
You cannot fit into any form of body armour.
You are cold-blooded and may be slowed by cold attacks.
You are agile. (Dex +2)
You are dopey. (Int -2)


Message History

The orc hits you but does no damage.
Casting: Freeze
Confirm with . or Enter, or press ? or * to list all spells.
Aiming: Freeze
Press: ? - help, Shift-Dir - straight line, f - orc priest
Aim: an orc priest, wielding a dagger of protection You freeze the orc priest.
The orc priest is lightly wounded.
The orc priest hits you but does no damage.
You block the orc's attack.
You hit the orc priest but do no damage.
The orc priest is lightly wounded.
The orc priest invokes the aid of Beogh against you.
Pain shoots through your body!
* * * LOW HITPOINT WARNING * * *
The orc misses you.
It was a potion of haste.
You feel yourself speed up.
The orc priest calls down the wrath of Beogh upon you.
Pain shoots through your body!
You die...

. ##... #####......
########### #o@).......
..........# #o##.......
#########.#####.##.###...
####).......#.# .
#.....∩...).#.#
#.#########.#.# # ..>#
o### .o


You could see an orc priest and an orc.

Vanquished Creatures
  An orc priest (D:4)
  An orc wizard (D:4)
  7 adders
  A worm (D:3)
  3 dart slugs
  A leopard gecko (D:2)
  3 orcs (D:3)
  A ball python (D:1)
  12 bats
  11 goblins
  5 hobgoblins
  2 jackals (D:3)
  A quokka (D:3)
  4 frilled lizards
  A jackal zombie (D:3)
  7 kobolds
  7 rats
68 creatures vanquished.

Vanquished Creatures (others)
  A jackal (D:3)
  A rat (D:2)
2 creatures vanquished.

Grand Total: 70 creatures vanquished

Notes
Turn   | Place    | Note
-------+----------+-------------------------------------------
     0 | D:1      | roguesci the Draconian Ice Elementalist began the quest for the Orb.
     0 | D:1      | Reached XP level 1. HP: 14/14 MP: 3/3
   146 | D:1      | Reached skill level 1 in Fighting
   222 | D:1      | Reached XP level 2. HP: 16/23 MP: 0/5
   453 | D:1      | Gained mutation: Your tail ends in a poisonous barb. [potion of mutation]
   453 | D:1      | Gained mutation: You can translocate small distances at will. [potion of mutation]
   454 | D:1      | Lost mutation: Your tail ends in a poisonous barb. [potion of mutation]
   454 | D:1      | Lost mutation: You can translocate small distances at will. [potion of mutation]
   454 | D:1      | Gained mutation: You are dopey. (Int -2) [potion of mutation]
   454 | D:1      | Gained mutation: You are agile. (Dex +2) [potion of mutation]
   936 | D:2      | Reached XP level 3. HP: 29/29 MP: 3/6
   945 | D:2      | Learned a level 3 spell: Ozocubu's Armour
   988 | D:2      | Reached skill level 1 in Shields
  1105 | D:2      | Found a radiant altar of Vehumet.
  1224 | D:2      | Found a glowing silver altar of Zin.
  1982 | D:3      | Reached XP level 4. HP: 36/36 MP: 4/7
  2143 | D:3      | Found a shattered altar of Ashenzari.
  2232 | D:3      | Found a shimmering altar of Xom.
  3066 | D:4      | Reached XP level 5. HP: 41/41 MP: 9/9
  3187 | D:4      | Found Piwustr Faukk's Jewellery Shop.
  3221 | D:4      | Killed from afar by an orc priest

Vault maps used:
D:1:      dpeg_arrival_houses_and_road
D:2:      fiery_altar_vehumet, zin_statuary, minmay_misc_feat_nine_boxes
D:3:      nicolae_overflow_hidden_temple, nicolae_overflow_crystal_walls,
          cheibrodos_ashenzari_chains, grunt_ministairs_8
D:4:      minmay_overflow_temple_star_quad, first_bread, serial_shops, shop

Skill      XL: |  1  2  3  4  5 |
---------------+----------------+-----
Fighting       | 1 2 |  2.5
Stealth        | 2 |  2.3
Dodging        | 2 |  2.6
Shields        | 1 |  1.8
Spellcasting   | 3 |  3.0
Conjurations   | |  1.0
Ice Magic      | |  3.6

Action                   |  1- 3 |  4- 6 || total
-------------------------+-------+-------++-------
Melee: Dagger            |    72 |       ||    72
       Unarmed           |     9 |       ||     9
       Tailslap          |    10 |     6 ||    16
       Short sword       |    45 |   106 ||   151
Throw: Stone             |       |     3 ||     3
 Cast: Freeze            |    21 |     6 ||    27
       Ozocubu's Armour  |       |     2 ||     2
  Use: Potion            |     3 |     1 ||     4
 Stab: Sleeping          |     5 |     2 ||     7
  Eat: Chunk             |     4 |     4 ||     8
Armor: Skin              |    47 |    34 ||    81
Dodge: Dodged            |   101 |    73 ||   174
Block: Buckler           |    23 |    22 ||    45
